 Dungeon Crawl Stone Soup version 0.28-a0-604-g249bb1af34 (webtiles) character file.

Game seed: 1497505404702959470

3222 Gargoyl the Fighter (level 9, -3/74 HPs)
             Began as a Gnoll Abyssal Knight on Oct 5, 2021.
             Was an Elder of Lugonu.
             Slain by a sky beast (5 damage)
             ... on level 7 of the Dungeon.
             The game lasted 00:09:41 (8188 turns).

Gargoyl the Fighter (Gnoll Abyssal Knight)          Turns: 8188, Time: 00:09:42

Health: -3/74      AC: 16    Str: 16    XL:     9   Next: 98%
Magic:  16/16      EV:  6    Int:  8    God:    Lugonu [****..]
Gold:   367        SH:  0    Dex: 12    Spells: 17/17 levels left

rFire   + . .      SeeInvis .   l - +1 war axe (flame)
rCold   . . .      Faith    .   (no shield)
rNeg    . . .      Spirit   .   y - +0 plate armour
rPois   .          Reflect  .   c - +1 helmet
rElec   .          Harm     .   e - +2 cloak
rCorr   .          Rampage  .   p - +2 pair of gloves
Will    +....      Rnd*Tele +   (no boots)
Stlth   ..........              r - amulet of the acrobat
HPRegen 0.22/turn               (no ring)
MPRegen 0.15/turn               (no ring)

@: lethally poisoned (-3 -> -6)
A: fangs 1, strong nose, distributed training, deformed body, dopey 1, fire
resistance 1, strong-willed 1, teleportitis 1
a: Renounce Religion, Depart the Abyss, Bend Space, Banish, Corrupt


You were on level 7 of the Dungeon.
You worshipped Lugonu.
Lugonu was greatly pleased with you.
You visited 1 branch of the dungeon, and saw 7 of its levels.
You visited the Abyss 1 time.

You collected 367 gold pieces.

Inventory:

Hand Weapons
 a - a +1 hand axe of freezing
 l - a +1 war axe of flaming (weapon)
Missiles
 k - 2 javelins
 t - 29 poisoned darts (quivered)
Armour
 c - a +1 helmet (worn)
 e - a +2 cloak (worn)
 p - a +2 pair of gloves (worn)
 y - a +0 plate armour (worn)
Jewellery
 g - a ring of magical power
 r - an amulet of the acrobat (around neck)
 x - a ring of protection from fire
Wands
 n - a wand of charming (10)
 v - a wand of digging (3)
Scrolls
 d - a scroll of magic mapping
 q - 3 scrolls of teleportation
 u - a scroll of brand weapon
Potions
 b - a potion of resistance
 f - 6 potions of curing
 h - a potion of cancellation {unknown}
 i - a potion of invisibility
 j - 2 potions of lignification
 m - a potion of heal wounds {unknown}
 o - 2 potions of haste


   Skills:
 + Level 8.2 Fighting
 + Level 4.7 Short Blades
 + Level 4.7 Long Blades
 + Level 6.7 Axes
 + Level 4.7 Maces & Flails
 + Level 4.7 Polearms
 + Level 4.7 Staves
 + Level 4.7 Slings
 + Level 4.7 Bows
 + Level 4.7 Crossbows
 + Level 4.7 Throwing
 + Level 6.7 Armour
 + Level 5.4 Dodging
 + Level 4.7 Stealth
 + Level 4.7 Shields
 + Level 4.7 Unarmed Combat
 + Level 4.7 Spellcasting
 + Level 3.9 Conjurations
 + Level 3.9 Hexes
 + Level 3.9 Summonings
 + Level 3.9 Necromancy
 + Level 3.9 Translocations
 + Level 3.9 Transmutations
 + Level 3.9 Fire Magic
 + Level 3.9 Ice Magic
 + Level 3.9 Air Magic
 + Level 3.9 Earth Magic
 + Level 3.9 Poison Magic
 + Level 7.0 Invocations
 + Level 4.7 Evocations


You had 17 spell levels left.
You didn't know any spells.
Your spell library contained the following spells:

 Spells                   Type           Power      Damage    Failure   Level
 Foxfire                  Conj/Fire      32%        2x1d5     93%         1
 Corpse Rot               Necr/Air       N/A        N/A       98%         2
 Conjure Flame            Conj/Fire      8%         6-21      100%        3
 Inner Flame              Hex/Fire       8%         N/A       100%        3
 Dispel Undead            Necr           8%         3d8       100%        4
 Flame Wave               Conj/Fire      8%         3d4       100%        4
 Hailstorm                Conj/Ice       8%         3d4       100%        4
 Ice Form                 Ice/Tmut       8%         N/A       100%        4
 Death Channel            Necr           4%         N/A       100%        6
 Simulacrum               Ice/Necr       4%         N/A       100%        6


Dungeon Overview and Level Annotations

Branches:
Dungeon (7/15)             Temple (0/1) D:7

Altars:
Fedhas
Wu Jian
Yredelemnul


Innate Abilities, Weirdness & Mutations

You have very sharp teeth.
Your uncanny sense of smell can sniff out nearby items.
Your experience applies equally to all skills.
Armour fits poorly on your strangely shaped body.
You are dopey. (Int -2)
Your flesh is heat resistant. (rF+)
You are strong-willed. (Will+)
You are occasionally teleported next to monsters.


Message History

The water moccasin is almost dead.
You feel very sick. The water moccasin bites you.
You are more poisoned.
The water moccasin poisons you!
You miss the water moccasin.
The water moccasin is almost dead.
You feel very sick. The water moccasin bites you.
The water moccasin bites you but does no damage.
Unknown command.
You closely miss the water moccasin.
The water moccasin is almost dead.
You feel very sick.
The water moccasin bites you but does no damage. x2
You hit the water moccasin. You burn the water moccasin.
You kill the water moccasin!
Lugonu accepts your kill.
You feel very sick.
Unknown command.
You barely miss something. You punch something.
You feel sick. Something hits you. Something shocks you.
* * * LOW HITPOINT WARNING * * *
You closely miss something.
You feel very sick.
A sky beast appears from thin air!
Reactivating autopickup.
The sky beast barely misses you.
You closely miss the sky beast.
The sky beast is lightly wounded.
You feel sick. The sky beast barely misses you. The sky beast hits you.
* * * LOW HITPOINT WARNING * * *
The sky beast shocks you.
* * * LOW HITPOINT WARNING * * *
You hit the sky beast but do no damage. Your bite misses the sky beast.
The sky beast is lightly wounded.
You feel sick. The sky beast hits you.
* * * LOW HITPOINT WARNING * * *
The sky beast shocks you.
You die...

###############.........# ..
#.........# ..###.........####
...(.........)...
#.........#.####
+.........+.....
#.........######
#################.........###
#..............@Y.≈...(.......
###.######.....#################
#.##.........+ .. #.##.###.....#
# #.##.# #.....# # #.##.#
#.....######## ..## #.##.#
#............. .... #.##.#
#............. # #.##.#
#####......... #


You could see a sky beast.

Vanquished Creatures
  A two-headed ogre (D:4)
  A wyvern (D:7)
  A steam dragon (D:7)
  A water moccasin (D:7)
  An ice beast (D:7)
  A hornet zombie (D:7)
  2 orc warriors
  3 necrophages
  A black bear (D:5)
  3 ogres
  A kobold brigand (D:6)
  A wyvern zombie (D:5)
  A scorpion (D:6)
  A water moccasin skeleton (D:6)
  8 killer bees
  A bullfrog zombie (D:5)
  A centaur zombie (D:6)
  A jelly (D:6)
  2 hounds (D:4)
  A bullfrog skeleton (D:6)
  An orc priest (D:7)
  Crazy Yiuf (D:5)
  Ijyb (D:6)
  3 iguanas
  5 orc wizards
  A scorpion zombie (D:3)
  A hound skeleton (D:4)
  Robin (D:4)
  5 adders
  3 white imps
  3 worms
  5 dart slugs
  24 orcs
  8 bats
  6 endoplasms
  5 giant cockroaches
  18 goblins
  8 hobgoblins
  2 jackals (D:1)
  3 quokkas
  6 ball pythons
  3 frilled lizards
  14 kobolds
  6 rats
166 creatures vanquished.

Notes
Turn   | Place    | Note
-------+----------+-------------------------------------------
     0 | Abyss:1  | Gargoyl the Gnoll Abyssal Knight began the quest for the
                  | Orb.
     0 | Abyss:1  | Reached XP level 1. HP: 23/23 MP: 3/3
   113 | Abyss:2  | Noticed a blink frog
   122 | D:1      | Escaped the Abyss
   437 | D:1      | Reached XP level 2. HP: 29/29 MP: 5/5
   635 | D:1      | Reached * piety under Lugonu
   951 | D:1      | Reached XP level 3. HP: 35/35 MP: 6/6
  2115 | D:2      | Reached skill level 1 in Short Blades
  2115 | D:2      | Reached skill level 1 in Long Blades
  2115 | D:2      | Reached skill level 1 in Maces & Flails
  2115 | D:2      | Reached skill level 1 in Polearms
  2115 | D:2      | Reached skill level 1 in Staves
  2115 | D:2      | Reached skill level 1 in Slings
  2115 | D:2      | Reached skill level 1 in Bows
  2115 | D:2      | Reached skill level 1 in Crossbows
  2115 | D:2      | Reached skill level 1 in Throwing
  2115 | D:2      | Reached skill level 1 in Stealth
  2115 | D:2      | Reached skill level 1 in Shields
  2115 | D:2      | Reached skill level 1 in Unarmed Combat
  2115 | D:2      | Reached skill level 1 in Spellcasting
  2115 | D:2      | Reached skill level 1 in Evocations
  2125 | D:2      | Reached XP level 4. HP: 16/41 MP: 7/7
  2718 | D:3      | Reached ** piety under Lugonu
  2746 | D:3      | Noticed an ogre
  2759 | D:3      | Killed an ogre
  2760 | D:3      | Reached skill level 1 in Conjurations
  2760 | D:3      | Reached skill level 1 in Hexes
  2760 | D:3      | Reached skill level 1 in Summonings
  2760 | D:3      | Reached skill level 1 in Necromancy
  2760 | D:3      | Reached skill level 1 in Translocations
  2760 | D:3      | Reached skill level 1 in Transmutations
  2760 | D:3      | Reached skill level 1 in Fire Magic
  2760 | D:3      | Reached skill level 1 in Ice Magic
  2760 | D:3      | Reached skill level 1 in Air Magic
  2760 | D:3      | Reached skill level 1 in Earth Magic
  2760 | D:3      | Reached skill level 1 in Poison Magic
  2760 | D:3      | Reached XP level 5. HP: 30/47 MP: 8/8
  2975 | D:3      | Found a faded altar of an unknown god.
  3248 | D:3      | Reached skill level 5 in Invocations
  3248 | D:3      | Reached XP level 6. HP: 45/53 MP: 9/9
  3918 | D:4      | Noticed a necrophage
  3925 | D:4      | Killed a necrophage
  3926 | D:4      | Reached skill level 5 in Axes
  3926 | D:4      | Reached skill level 5 in Armour
  4184 | D:4      | Found a blossoming altar of Fedhas.
  4422 | D:4      | Noticed Robin
  4434 | D:4      | Reached XP level 7. HP: 43/59 MP: 10/10
  4456 | D:4      | Killed Robin
  4702 | D:4      | Reached skill level 7 in Fighting
  4882 | D:5      | Entered Level 5 of the Dungeon
  4901 | D:5      | Noticed Ijyb
  4905 | D:5      | Noticed a two-headed ogre
  4914 | D:6      | Killed Ijyb
  5024 | D:6      | Reached XP level 8. HP: 60/67 MP: 12/12
  5112 | D:6      | Reached *** piety under Lugonu
  5342 | D:6      | Found an ornate altar of the Wu Jian Council.
  5342 | D:6      | Found a basalt altar of Yredelemnul.
  6032 | D:4      | Killed a two-headed ogre
  6033 | D:4      | Reached XP level 9. HP: 25/73 MP: 13/15
  6705 | D:5      | Found a runed translucent door.
  6706 | D:5      | Noticed Crazy Yiuf
  6710 | D:5      | Killed Crazy Yiuf
  6778 | D:6      | Gained mutation: Armour fits poorly on your strangely
                  | shaped body. [potion of mutation]
  6778 | D:6      | Gained mutation: You have hidden genetic defects. [potion
                  | of mutation]
  6778 | D:6      | Gained mutation: You are strong-willed. (Will+) [potion of
                  | mutation]
  6778 | D:6      | Gained mutation: Your flesh is heat resistant. (rF+)
                  | [potion of mutation]
  6792 | D:5      | Reached skill level 5 in Dodging
  7248 | D:7      | Reached skill level 8 in Fighting
  7270 | D:7      | Gained mutation: You are occasionally teleported next to
                  | monsters. [hidden defects]
  7759 | D:7      | Gained mutation: You are dopey. (Int -2) [hidden defects]
  7759 | D:7      | Lost mutation: You have hidden genetic defects. [hidden
                  | defects expressed]
  7814 | D:7      | Reached **** piety under Lugonu
  8144 | D:7      | Found a staircase to the Ecumenical Temple.
  8188 | D:7      | HP: 2/74 [sky beast (3)]
  8188 | D:7      | Slain by a sky beast

Illustrated notes

Levels and vault maps discovered:
D:1:      shiori_arrival_oz, layout_rooms, serial_co_window_serial,
          co_window_paths_b, co_window_of_opportunity_a, co_window_paths_a,
          co_window_corner_a, co_window_of_opportunity_a, co_window_corner_ca,
          co_window_2corner, co_window_broadway_c, co_window_4corner_a,
          glass_columns_a, glass_columns_b, due_unseen_surprise
D:2:      minmay_razor_zed, layout_basic, minmay_tree_intersection
D:3:      layout_basic, hellmonk_ecumenical_altar_zigzags, eino_tiny_chamber,
          minmay_starry_boxes
D:4:      layout_basic, fedhas_altar_fruit_tree, grunt_decor_clamped,
          bh_walls_and_bars, uniq_robin
D:5:      layout_layer_cave, uniq_ijyb, uniq_crazy_yiuf_cottage
D:6:      layout_rooms, chequers_temple_overflow_statue_of_worship,
          minmay_misc_feat_pillars
D:7:      layout_basic, temple_hall, serial_corexii_hall,
          corexii_hall_statues_x, corexii_hall_statues_l, st_stairs_13

Skill      XL: |  1  2  3  4  5  6  7  8  9 |
---------------+----------------------------+-----
Short Blades   | 1 2 4 |  4.7
Long Blades    | 1 2 4 |  4.7
Maces & Flails | 1 2 4 |  4.7
Polearms       | 1 2 4 |  4.7
Staves         | 1 2 4 |  4.7
Slings         | 1 2 4 |  4.7
Bows           | 1 2 4 |  4.7
Crossbows      | 1 2 4 |  4.7
Throwing       | 1 2 4 |  4.7
Stealth        | 1 2 4 |  4.7
Shields        | 1 2 4 |  4.7
Unarmed Combat | 1 2 4 |  4.7
Spellcasting   | 1 2 4 |  4.7
Evocations     | 1 2 4 |  4.7
Conjurations   | 1 2 3 |  3.9
Hexes          | 1 2 3 |  3.9
Summonings     | 1 2 3 |  3.9
Necromancy     | 1 2 3 |  3.9
Translocations | 1 2 3 |  3.9
Transmutations | 1 2 3 |  3.9
Fire Magic     | 1 2 3 |  3.9
Ice Magic      | 1 2 3 |  3.9
Air Magic      | 1 2 3 |  3.9
Earth Magic    | 1 2 3 |  3.9
Poison Magic   | 1 2 3 |  3.9
Dodging        | 3 4 5 |  5.4
Invocations    | 5 6 7 |  7.0
Axes           | 5 6 |  6.7
Armour         | 5 6 |  6.7
Fighting       | 7 8 |  8.2

Action                   |  1- 3 |  4- 6 |  7- 9 || total
-------------------------+-------+-------+-------++-------
Melee: Hand axe          |   125 |    90 |       ||   215
       Bite              |     8 |    13 |    23 ||    44
       Punch             |       |     1 |     4 ||     5
       War axe           |       |    30 |   270 ||   300
Throw: Javelin           |       |     2 |       ||     2
       Dart              |       |       |    26 ||    26
Invok: Depart the Abyss  |     1 |       |       ||     1
  Use: Scroll            |     7 |     5 |     5 ||    17
       Potion            |       |       |     4 ||     4
 Stab: Sleeping          |     2 |     1 |     1 ||     4
Armor: Leather armour    |    37 |    41 |    31 ||   109
       Chain mail        |       |       |   148 ||   148
       Plate armour      |       |       |    45 ||    45
Dodge: Dodged            |    90 |    95 |   193 ||   378

Table legend: (Time is in decaauts)
 A = Elapsed time spent in this place.
 B = Non-inter-level travel time spent in this place.
 C = Inter-level travel time spent in this place.
 D = Time resting spent in this place.
 E = Time spent auto-exploring this place.
 F = Levels seen in this place.
 G = Mean time per level.
                   A        B        C        D        E       F      G
               +--------+--------+--------+--------+--------+-----+--------+
         Total |   8272 |   8119 |    153 |   1078 |   5261 |   9 |  919.1 |
       Dungeon |   8150 |   7997 |    153 |   1078 |   5176 |   7 | 1164.3 |
         Abyss |    122 |    122 |      0 |      0 |     85 |   2 |   61.0 |
               +--------+--------+--------+--------+--------+-----+--------+

Top non-repeatable levels by time:
     D:4: 2069 daAuts
     D:1: 1395 daAuts
     D:2: 1206 daAuts
     D:7: 1070 daAuts
     D:3: 974 daAuts
     D:6: 773 daAuts
     D:5: 660 daAuts
 Abyss:1: 70 daAuts
 Abyss:2: 52 daAuts
